 Dungeon Crawl Stone Soup version 0.22.1-1-ga44c0e5 (webtiles) character file.

37271 nightchill the Severer (level 13, 109/109 HPs)
             Began as a Minotaur Fighter on Nov 2, 2018.
             Was a High Priest of Hepliaklqana.
             Quit the game on level 5 of the Lair of Beasts on Nov 3, 2018.
             The game lasted 01:00:40 (19414 turns).

nightchill the Severer (Minotaur Fighter)          Turns: 19414, Time: 01:00:41

Health: 109/109    AC: 15    Str: 25    XL:     13   Next: 57%
Magic:  18/18      EV: 12    Int:  9    God:    Hepliaklqana [*****.]
Gold:   989        SH: 13    Dex: 12    Spells: 12/12 levels left

rFire    + . .     SeeInvis +   a - +1 war axe
rCold    . . .     Gourm    +   c - +0 shield
rNeg     . . .     Faith    .   H - +2 ring mail {rF+}
rPois    .         Spirit   .   w - +0 hat {SInv}
rElec    .         Reflect  .   s - +0 cloak
rCorr    .         Harm     .   z - +0 pair of gloves
MR       +....                  L - +2 pair of boots of the Assassin {Detection Stab+ Stlth++}
Stlth    +++.......             O - amulet of the Inquisitive Realms {Gourm Str+2}
HPRegen  0.28/turn              P - +3 ring of dexterity
MPRegen  0.16/turn              E - ring of protection from magic

@: no status effects
A: retaliatory headbutt, reduced essence, horns 2
a: Recall Ancestor, Ancestor Identity, Transference, Idealise, Renounce Religion


You were on level 5 of the Lair of Beasts.
You worshipped Hepliaklqana.
Hepliaklqana was extremely pleased with you.
You were very full.

You visited 3 branches of the dungeon, and saw 16 of its levels.
You also visited: Ossuary.

You collected 989 gold pieces.

Inventory:

Hand Weapons
 a - a +1 war axe (weapon)
 b - a +2 hunting sling of freezing
 g - a cursed -1 hunting sling
 N - a +1 flail of draining
Missiles
 k - 483 stones (quivered)
 n - 2 exploding tomahawks
 q - 5 tomahawks
 M - 59 sling bullets
Armour
 c - a +0 shield (worn)
 s - a +0 cloak (worn)
 w - a +0 hat of see invisible (worn)
 z - a +0 pair of gloves (worn)
 H - a +2 ring mail of fire resistance (worn)
 L - the +2 pair of boots of the Assassin (worn) {Detection Stab+ Stlth++}
   (You found it on level 7 of the Dungeon)

   It makes you much more stealthy.
Jewellery
 y - an uncursed ring of resist corrosion
 E - a ring of protection from magic (right hand)
 O - the amulet of the Inquisitive Realms (around neck) {Gourm Str+2}
   (You found it on level 2 of the Lair of Beasts)

   [amulet of the gourmand]

   It allows you to eat raw meat even when not hungry.
   It affects your strength (+2).
 P - a +3 ring of dexterity (left hand)
Wands
 j - a wand of polymorph (7)
 p - a wand of paralysis (23)
 r - a wand of random effects (30)
 F - a wand of scattershot (6)
 K - a wand of flame (34)
 S - a wand of disintegration (4)
Scrolls
 h - 4 scrolls of identify
 l - 4 scrolls of amnesia
 o - 7 scrolls of remove curse
 t - 4 scrolls of teleportation
 u - 8 scrolls of immolation
 v - 4 scrolls of fear
 x - 2 scrolls of noise
 C - 2 scrolls of blinking {unknown}
 T - a scroll of enchant armour {unknown}
Potions
 d - 2 potions of might
 e - 4 potions of brilliance
 i - 3 potions of lignification
 m - 7 potions of curing
 A - 7 potions of degeneration
 B - 3 potions of mutation
 D - a potion of cancellation
 G - 2 potions of flight
 I - 3 potions of agility
 J - a potion of haste
 Q - a potion of ambrosia
Comestibles
 f - 39 rations


   Skills:
 + Level 13.5 Fighting
 + Level 15.2 Axes
 - Level 10.0 Armour
 + Level 4.7 Dodging
 + Level 11.3 Shields
 - Level 8.0 Invocations
 + Level 5.4 Evocations


You had 12 spell levels left.
You didn't know any spells.
Your spell library contained the following spells:

 Spells                   Type           Power        Failure   Level  Hunger
 Animate Skeleton         Necr           N/A          67%         1    ##.....
 Pain                     Necr           #...         67%         1    ##.....
 Sting                    Conj/Pois      #...         67%         1    ##.....
 Summon Small Mammal      Summ           #...         67%         1    ##.....
 Call Imp                 Summ           #.......     80%         2    ###....
 Poisonous Vapours        Pois/Air       #.....       80%         2    ###....
 Call Canine Familiar     Summ           #.......     95%         3    ####...
 Mephitic Cloud           Conj/Pois/Air  #.......     95%         3    ####...
 Regeneration             Chrm/Necr      #.........   95%         3    ####...
 Summon Guardian Golem    Hex/Summ       #.......     95%         3    ####...
 Vampiric Draining        Necr           #.........   95%         3    ####...
 Animate Dead             Necr           N/A          100%        4    #####..
 Cause Fear               Hex            #.........   100%        4    #####..
 Olgreb's Toxic Radiance  Pois           #.......     100%        4    #####..
 Summon Ice Beast         Ice/Summ       #.......     100%        4    #####..
 Summon Lightning Spire   Summ/Air       #.......     100%        4    #####..
 Silence                  Hex/Air        #.........   100%        5    ######.
 Venom Bolt               Conj/Pois      #.........   100%        5    ######.
 Yara's Violent Unravell  Hex/Tmut       #.........   100%        5    ######.
 Deflect Missiles         Chrm/Air       #.........   100%        6    #######
 Discord                  Hex            #.........   100%        8    #######


Dungeon Overview and Level Annotations

Branches:
Dungeon (10/15)            Temple (1/1) D:4            Lair (5/6) D:10
 Shoals (0/4) Lair:3        Snake (0/4) Lair:2
  Slime: Lair:5-6       Orc: D:9-12

Altars:
Ashenzari
Cheibriados
Dithmenos
Elyvilon
Fedhas
Gozag
Hepliaklqana
Kikubaaqudgha
Makhleb
Nemelex Xobeh
Okawaru
Qazlal
Ru
Sif Muna
Trog
Uskayaw
Vehumet
Wu Jian
Xom
Yredelemnul
Zin
The Shining One

Shops:
D:10 [

Annotations:
D:8 2 transporters
D:9 3 runed doors, exclusion: 3 doors, teukkam's ghost, novice MiBe
Lair:1 3 runed doors, exclusions: 3 doors and downstairs, Lauz's ghost, novice DEFE; PeterLawrence's ghost, journeyman MiBe; ThisFiasco's ghost, novice MiBe; Velaskes's ghost, journeyman DsAK
Lair:2 exclusion: 2 oklob plants
Lair:3 1 exclusion


Innate Abilities, Weirdness & Mutations

You reflexively headbutt those who attack you in melee.
You have a pair of horns on your head.
Your life essence is reduced to manifest your ancestor. (-10% HP)


Message History

You swap places.
Found a glowing robe.
G - 2 potions of flight (gained 1)
k - 483 stones (gained 9)
You swap places.
You see here a scale mail.
I - 3 potions of agility (gained 1)
You swap places.
You swap places.
You swap places.
Done exploring.
Done exploring.
(D) Dungeon (T) Temple (L) Lair (A) Shoals (P) Snake Pit
Where to? (Enter - Lair:5, ? - help)
What level of the Dungeon? (default 10, ? - help)
Okay, then.
Are you sure you want to abandon this character and quit the game? (Confirm
Okay, then.
Are you sure you want to abandon this character and quit the game? (Confirm

#.#...>......### ###
##.............######
##.#..........##.#.#
###.#...P......#...
#.#.P..#........).
##................
#...............÷
##R...............
#@.#....##P...†...
######..#.P...##..
##........##(.
#.........##..
##..........†÷
#...........<
#..#......(.(
##.#.##.(....
#####.#....#


You could see the friendly Mael the battlemage.

Vanquished Creatures
  Kirke (Lair:5)
  Snorg (Lair:5)
  3 hydras
  A two-headed ogre (D:9)
  Sonja (Lair:5)
  3 black mambas
  7 elephants
  Joseph (D:10)
  A gargoyle (D:10)
  4 spiny frogs
  2 rime drakes
  2 komodo dragons
  3 trolls (D:10)
  5 blink frogs
  3 tyrant leeches (Lair:3)
  4 hippogriffs
  4 hogs
  14 yaks
  A wraith (Lair:5)
  Eustachio (D:4)
  2 wyverns
  A hungry ghost (D:7)
  A basilisk (Lair:5)
  3 swamp worms (Lair:3)
  3 water moccasins
  3 porcupines
  2 sky beasts
  3 ice beasts
  2 phantoms (D:4)
  4 ogres
  7 wolves
  4 centaurs
  2 crocodiles (Lair:4)
  11 bullfrogs
  A scorpion (D:8)
  15 killer bees
  2 wights (D:8)
  2 howler monkeys (D:10)
  5 crimson imps
  A centaur zombie (Ossuary)
  A human zombie (Ossuary)
  6 jellies
  2 centaur skeletons (D:10)
  3 orc priests
  2 hounds
  5 orc wizards
  Ijyb (D:3)
  Crazy Yiuf (D:3)
  2 bullfrog skeletons (D:5)
  3 iguanas
  4 worker ants
  A hound zombie (D:9)
  4 mummies (Ossuary)
  3 gnolls (D:6)
  12 adders
  3 shadow imps
  6 oozes
  An adder zombie (D:8)
  An adder skeleton (D:4)
  10 worms
  4 dart slugs
  6 leopard geckos
  42 orcs
  14 bats
  6 giant cockroaches
  3 gnoll zombies (Ossuary)
  8 goblins
  6 hobgoblins
  15 jackals
  5 quokkas
  4 ball pythons
  6 frilled lizards
  2 goblin zombies (Ossuary)
  A jackal skeleton (D:4)
  10 kobolds
  A kobold zombie (Ossuary)
  2 leopard gecko skeletons
  7 rats
  2 fungi (Lair:5)
  A plant (D:7)
352 creatures vanquished.

Vanquished Creatures (collateral kills)
  Gastronok (Lair:1)
  Josephine (Lair:5)
  3 hydras
  2 two-headed ogres
  2 elephants (Lair:4)
  A black mamba (Lair:3)
  3 spiny frogs
  A rime drake (Lair:3)
  4 komodo dragons
  A hornet (D:10)
  3 blink frogs (Lair:1)
  A wyvern (D:9)
  3 wraiths (Lair:5)
  2 yaks (Lair:5)
  A basilisk (Lair:2)
  A swamp worm (Lair:3)
  3 water moccasins
  A porcupine (Lair:4)
  2 orc warriors (D:9)
  A sky beast (D:8)
  2 ice beasts
  An ogre (D:5)
  A wolf (Lair:3)
  4 crocodiles
  3 bullfrogs
  A scorpion (D:4)
  9 killer bees
  A wight (D:8)
  2 howler monkeys (D:10)
  A crimson imp (D:10)
  A quasit (D:8)
  2 orc priests (D:9)
  A centaur skeleton (D:9)
  A bullfrog skeleton (D:5)
  4 iguanas
  3 orc wizards
  2 worker ants
  3 adders
  A howler monkey skeleton (D:7)
  2 leopard geckos
  3 orcs
  A giant cockroach (D:6)
  3 jackals
  A quokka (D:8)
  2 fungi
  A plant (Lair:1)
93 creatures vanquished.

Vanquished Creatures (others)
  8 battlemagi
  2 fungi
  8 plants
  2 withered plants (Lair:1)
20 creatures vanquished.

Grand Total: 465 creatures vanquished

Notes
Turn   | Place    | Note
-------+----------+-------------------------------------------
     0 | D:1      | nightchill the Minotaur Fighter began the quest for the
                  | Orb.
     0 | D:1      | Reached XP level 1. HP: 19/19 MP: 0/0
   129 | D:1      | Reached skill level 3 in Axes
   129 | D:1      | Reached XP level 2. HP: 27/27 MP: 1/1
   767 | D:1      | Reached XP level 3. HP: 33/33 MP: 2/2
   801 | D:1      | Reached skill level 4 in Axes
  1132 | D:2      | Reached XP level 4. HP: 41/41 MP: 3/3
  1271 | D:2      | Reached skill level 5 in Axes
  1711 | D:3      | Reached XP level 5. HP: 44/47 MP: 4/4
  1731 | D:3      | Reached skill level 5 in Fighting
  2209 | D:3      | Noticed a moth of wrath
  2274 | D:3      | Reached skill level 6 in Axes
  2280 | D:3      | Found a bloodstained altar of Trog.
  2489 | D:3      | Noticed Ijyb
  2506 | D:3      | Killed Ijyb
  2582 | D:3      | Found a runed door.
  2586 | D:3      | Noticed Crazy Yiuf
  2589 | D:3      | Killed Crazy Yiuf
  2589 | D:3      | Reached XP level 6. HP: 56/56 MP: 5/5
  2939 | D:4      | Found a staircase to the Ecumenical Temple.
  2976 | Temple   | Entered the Ecumenical Temple
  3078 | Temple   | Became a worshipper of Hepliaklqana the Forgotten
  3118 | D:4      | Found a burning altar of Makhleb.
  3323 | D:4      | Reached skill level 7 in Axes
  3341 | D:4      | Reached XP level 7. HP: 47/56 MP: 6/6
  3568 | D:4      | Reached skill level 8 in Axes
  3783 | D:4      | Noticed Eustachio
  3791 | D:4      | Killed Eustachio
  3807 | D:4      | Reached skill level 9 in Axes
  3953 | D:5      | Entered Level 5 of the Dungeon
  3994 | D:5      | Reached XP level 8. HP: 65/65 MP: 7/7
  3998 | D:5      | Reached * piety under Hepliaklqana
  4289 | D:5      | Reached skill level 1 in Invocations
  4911 | D:5      | Reached skill level 10 in Axes
  5821 | D:6      | Found a sand-covered staircase.
  5836 | Ossuary  | Entered an ossuary
  6231 | D:6      | Reached ** piety under Hepliaklqana
  6232 | D:6      | Remembered your ancestor Mael as a battlemage
  6245 | D:6      | Found an opulent altar of Gozag.
  6708 | D:7      | Reached skill level 11 in Axes
  6708 | D:7      | Reached XP level 9. HP: 73/73 MP: 10/10
  7127 | D:7      | Found the +2 pair of boots of the Assassin {Detection Stab+
                  | Stlth++}
  7888 | D:8      | Found a transporter.
  7898 | D:8      | Reached skill level 12 in Axes
  7898 | D:8      | Reached skill level 5 in Invocations
  7910 | D:8      | Found a transporter.
  7915 | D:8      | Noticed an ogre mage
  7915 | D:8      | Noticed a brown ugly thing
  7917 | D:8      | Found a sparkling altar of Nemelex Xobeh.
  7917 | D:8      | Found a deep blue altar of Sif Muna.
  7917 | D:8      | Found a stormy altar of Qazlal.
  8074 | D:9      | Noticed a two-headed ogre
  8080 | D:9      | Killed a two-headed ogre
  8080 | D:9      | Reached skill level 5 in Armour
  8080 | D:9      | Reached skill level 5 in Shields
  8080 | D:9      | Reached XP level 10. HP: 49/82 MP: 11/13
  8327 | D:9      | Reached *** piety under Hepliaklqana
  8682 | D:9      | Noticed a two-headed ogre
  8689 | D:9      | Killed a two-headed ogre
  8689 | D:9      | Reached skill level 10 in Fighting
  8977 | D:9      | Found a runed gate.
  8977 | D:9      | Found a runed gate.
  8977 | D:9      | Found a runed gate.
  8982 | D:9      | Found a bloodstained altar of Trog.
  8988 | D:9      | Noticed teukkam's ghost (novice MiBe)
  8994 | D:9      | Noticed a ten-headed hydra
 10374 | D:10     | Entered Level 10 of the Dungeon
 10374 | D:10     | Noticed a two-headed ogre
 10381 | D:10     | Killed a two-headed ogre
 10384 | D:10     | Noticed a gargoyle
 10385 | D:10     | Noticed Joseph
 10451 | D:10     | Found a staircase to the Lair.
 10559 | D:10     | Reached XP level 11. HP: 90/90 MP: 13/15
 10581 | D:10     | Found Renaaqut's Armour Shop.
 10663 | D:10     | Reached skill level 13 in Axes
 10817 | D:10     | Got an ichor-stained quarterstaff {freeze}
 10819 | D:10     | Identified the +0 quarterstaff "Earthworm" {freeze, SInv}
                  | (You took it off a crimson imp on level 10 of the Dungeon)
 11032 | D:10     | Killed Joseph
 11401 | Lair:1   | Entered Level 1 of the Lair of Beasts
 11401 | Lair:1   | Found a labyrinth entrance.
 11776 | Lair:1   | Noticed Gastronok
 11788 | Lair:1   | Killed Gastronok
 11827 | Lair:1   | Reached **** piety under Hepliaklqana
 12094 | Lair:1   | Noticed a six-headed hydra
 12114 | Lair:1   | Killed a six-headed hydra
 12538 | Lair:1   | Found a runed gate.
 12538 | Lair:1   | Found a runed gate.
 12538 | Lair:1   | Found a runed gate.
 12539 | Lair:1   | Noticed PeterLawrence's ghost (journeyman MiBe)
 12540 | Lair:1   | Noticed Velaskes's ghost (journeyman DsAK)
 12540 | Lair:1   | Noticed Lauz's ghost (novice DEFE)
 12545 | Lair:1   | Noticed ThisFiasco's ghost (novice MiBe)
 12573 | Lair:1   | Noticed a seven-headed hydra
 12581 | Lair:1   | Killed a seven-headed hydra
 12581 | Lair:1   | Reached XP level 12. HP: 85/100 MP: 17/17
 12932 | Lair:1   | Reached skill level 1 in Evocations
 13332 | Lair:2   | Reached skill level 14 in Axes
 14034 | Lair:2   | Got a vibrating pewter amulet
 14039 | Lair:2   | Identified the amulet of the Inquisitive Realms {Gourm
                  | Str+2} (You found it on level 2 of the Lair of Beasts)
 14077 | Lair:2   | Found a staircase to the Snake Pit.
 14382 | Lair:3   | Noticed an eight-headed hydra
 14390 | Lair:3   | Killed an eight-headed hydra
 14390 | Lair:3   | Reached skill level 10 in Shields
 14407 | Lair:3   | Reached skill level 10 in Armour
 15111 | Lair:3   | Reached skill level 1 in Dodging
 15308 | Lair:3   | HP: 2/101 [tyrant leech (17)]
 15322 | Lair:3   | HP: 6/151 [tyrant leech (8)]
 15881 | Lair:3   | Noticed an eight-headed hydra
 15888 | Lair:3   | Killed an eight-headed hydra
 15988 | Lair:3   | Found a staircase to the Shoals.
 16319 | Lair:3   | Reached XP level 13. HP: 95/107 MP: 13/18
 17129 | Lair:4   | Reached ***** piety under Hepliaklqana
 18075 | Lair:5   | Noticed Snorg
 18098 | Lair:5   | Killed Snorg
 18101 | Lair:5   | Noticed Sonja
 18350 | Lair:5   | Killed Sonja
 18495 | Lair:5   | Noticed Kirke
 18525 | Lair:4   | Reached skill level 5 in Evocations
 18526 | Lair:4   | Reached skill level 15 in Axes
 18874 | Lair:5   | Killed Kirke
 19113 | Lair:5   | Noticed Josephine
 19123 | Lair:5   | Killed Josephine
 19414 | Lair:5   | Quit the game

Skill      XL: |  1  2  3  4  5  6  7  8  9 10 11 12 13 |
---------------+----------------------------------------+-----
Axes           | 3 4 5 6 7 9 11 12 13 14 15 | 15.2
Fighting       | 4 5 6 7 8 9 10 11 12 13 | 13.5
Invocations    | 3 5 6 8 |  8.0
Armour         | 5 7 8 10 | 10.0
Shields        | 5 7 9 10 11 | 11.3
Evocations     | 4 5 |  5.4
Dodging        | 2 4 |  4.7

Action                   |  1- 3 |  4- 6 |  7- 9 | 10-12 | 13-15 || total
-------------------------+-------+-------+-------+-------+-------++-------
Melee: War axe           |    87 |   198 |   249 |   474 |   108 ||  1116
       Headbutt          |     8 |    29 |    50 |    96 |    32 ||   215
       Flail             |       |       |       |    14 |     7 ||    21
Throw: Stone             |       |    14 |       |     2 |     3 ||    19
       Throwing net      |       |     2 |       |       |       ||     2
Invok: Ancestor Life: Ba |       |       |     1 |       |       ||     1
       Ancestor Identity |       |       |     1 |       |       ||     1
       Recall Ancestor   |       |       |       |     5 |     6 ||    11
       Transference      |       |       |       |     4 |       ||     4
       Idealise          |       |       |       |     3 |       ||     3
Evoke: Wand              |       |       |       |     2 |       ||     2
  Use: Scroll            |       |     7 |     9 |     9 |     1 ||    26
       Potion            |       |       |     2 |     8 |     2 ||    12
 Stab: Distracted        |       |       |     4 |     4 |     1 ||     9
       Sleeping          |       |       |     3 |     4 |     1 ||     8
  Eat: Chunk             |     1 |     7 |    16 |    36 |    10 ||    70
Armor: Scale mail        |    51 |    79 |    83 |    50 |       ||   263
       Skin              |       |     7 |       |    14 |       ||    21
       Ring mail         |       |       |       |   112 |    53 ||   165
Dodge: Dodged            |    41 |    47 |    76 |   129 |    56 ||   349
Block: Shield            |    50 |    89 |    96 |   264 |    90 ||   589
